 Dungeon Crawl Stone Soup version 0.20-b1 (webtiles) character file.

289 Mesmaeker13 the Conjurer (level 6, -1/32 HPs)
             Began as a Deep Elf Conjurer on May 18, 2017.
             Slain by a hornet zombie (10 damage)
             ... on level 4 of the Dungeon.
             The game lasted 00:07:35 (4315 turns).

Mesmaeker13 the Conjurer (Deep Elf Conjurer)        Turns: 4315, Time: 00:07:36

Health: -1/32      AC:  3    Str:  6    XL:     6   Next: 9%
Magic:  7/15       EV: 14    Int: 21    God:
Gold:   174        SH:  0    Dex: 15    Spells: 8/14 levels left

rFire    . . .     SeeInvis .   f - +0 dagger
rCold    . . .     Gourm    .   (no shield)
rNeg     . . .     Faith    .   a - +0 robe
rPois    .         Spirit   .   (no helmet)
rElec    .         Reflect  .   o - +0 cloak
rCorr    .         Harm     .   (no gloves)
MR       .....                  (no boots)
Stlth    ++........             (no amulet)
Regen    0.1/turn               (no ring)
MPRegen  0.2/turn               (no ring)

@: flying
A: no striking features
a: no special abilities


You were on level 4 of the Dungeon.
You were near starving.

You visited 1 branch of the dungeon, and saw 4 of its levels.

You collected 174 gold pieces.

Inventory:

Hand Weapons
 f - a +0 dagger (weapon)
Missiles
 w - 7 poisoned needles
Armour
 a - a +0 robe (worn)
 e - a +0 buckler
 o - a +0 cloak (worn)
Wands
 y - a wand of random effects (11/48)
Scrolls
 g - a scroll of noise
 i - a scroll of enchant weapon
 l - a scroll of teleportation
 p - a scroll of recharging {unknown}
 q - 2 scrolls of immolation {unknown}
 u - a scroll of remove curse
Potions
 d - a potion of invisibility {unknown}
 h - a potion of flight
 k - 2 potions of might {unknown}
 n - 2 potions of agility {unknown}
 r - a potion of heal wounds {unknown}
 v - a potion of mutation {unknown}
 x - a potion of resistance {unknown}
 z - a potion of lignification {unknown}
Books
 b - a book of Conjurations

   Spells                             Type                      Level
   a - Magic Dart                     Conjuration                  1
   b - Searing Ray                    Conjuration                  2
   c - Dazzling Spray                 Conjuration/Hexes            3
   d - Fulminant Prism                Conjuration/Hexes            4
   e - Force Lance                    Conjuration/Translocation    4
   f - Iskenderun's Mystic Blast      Conjuration                  4
 s - a book of Changes

   Spells                             Type                      Level
   a - Beastly Appendage              Transmutation                1
   b - Sticks to Snakes               Transmutation                2
   c - Spider Form                    Transmutation/Poison         3
   d - Ice Form                       Ice/Transmutation            4
   e - Blade Hands                    Transmutation                5
Comestibles
 c - 3 bread rations
 j - 2 meat rations
 m - 2 royal jellies


   Skills:
 + Level 4.4 Dodging
 - Level 2.4 Stealth
 + Level 4.9 Spellcasting
 + Level 5.6 Conjurations
 + Level 3.3 Hexes


You had 8 spell levels left.
You knew the following spells:

 Your Spells              Type           Power        Failure   Level  Hunger
a - Magic Dart            Conj           ####         1%          1    None
b - Searing Ray           Conj           ####..       1%          2    None
c - Dazzling Spray        Conj/Hex       ###...       4%          3    ##.....


Dungeon Overview and Level Annotations

Branches:
Dungeon (4/15)
 Temple: D:4-7

Altars:
Trog


Message History

The searing ray hits the hornet zombie.
The hornet zombie is moderately damaged.
The hornet zombie hits you. The hornet zombie barely misses you.
The searing ray hits the hornet zombie.
The hornet zombie is heavily damaged.
You finish channeling your searing ray.
The hornet zombie hits you!
The hornet zombie completely misses you.
Evoke which item? (* to show all) (? for menu, Esc to quit)
Aiming: Random Effects (will waste charges)
Press: ? - help, Shift-Dir - straight line, f/p - hornet zombie
Aim: a hornet zombie (heavily damaged)
The hornet zombie seems to speed up.
Evoking this partially-identified wand wasted a few charges.
The hornet zombie misses you. The hornet zombie hits you.
* * * LOW HITPOINT WARNING * * *
It was a potion of flight.
You feel very buoyant.
You fly up into the air.
The hornet zombie closely misses you. The hornet zombie hits you!
You die...

.. .........
..... ..
.........##
..... .. #....
#..## ....
..##..# #..#
#... ......#
#..## ..# .....#
##..##..# ###..#
#......# # ##.##
##.Z...####. #
#..#
##..@....... #
##..####
##..#####...#
###......###..##
..#
#............##
.#
............##
.######.....# ##
##....##
#......#
##..###.#


You could see a hornet zombie.

Vanquished Creatures
  A crimson imp (D:4)
  An orc priest (D:4)
  A centaur skeleton (D:4)
  An iguana (D:4)
  2 worker ants (D:4)
  A gnoll (D:1)
  2 adders
  An ooze (D:1)
  5 worms
  A dart slug (D:3)
  2 leopard geckos
  8 orcs
  2 ball pythons
  2 giant cockroaches (D:1)
  6 goblins
  5 hobgoblins
  4 jackals (D:3)
  10 kobolds
  8 bats
  8 frilled lizards
  9 rats
80 creatures vanquished.

Notes
Turn   | Place    | Note
-------+----------+-------------------------------------------
     0 | D:1      | Mesmaeker13 the Deep Elf Conjurer began the quest for the Orb.
     0 | D:1      | Reached XP level 1. HP: 10/10 MP: 6/6
   364 | D:1      | Reached XP level 2. HP: 15/15 MP: 5/8
   372 | D:1      | Learned a level 2 spell: Searing Ray
   771 | D:1      | Reached XP level 3. HP: 19/19 MP: 7/10
  1228 | D:2      | Found a bloodstained altar of Trog.
  1289 | D:2      | Reached skill level 5 in Conjurations
  1566 | D:2      | Learned a level 3 spell: Dazzling Spray
  1734 | D:2      | Reached XP level 4. HP: 24/24 MP: 6/12
  2220 | D:3      | Reached skill level 1 in Hexes
  3417 | D:4      | Noticed an ogre
  3537 | D:4      | Reached XP level 5. HP: 27/28 MP: 6/13
  4185 | D:4      | Reached XP level 6. HP: 32/32 MP: 10/15
  4315 | D:4      | Slain by a hornet zombie

Skill      XL: |  1  2  3  4  5 |
---------------+----------------+-----
Dodging        | 3 4 |  4.4
Spellcasting   | 4 |  4.9
Conjurations   | 5 |  5.6
Hexes          | 2 3 |  3.3
Stealth        | |  2.4

Action                   |  1- 3 |  4- 6 || total
-------------------------+-------+-------++-------
Melee: Dagger            |       |    23 ||    23
 Cast: Magic Dart        |    54 |    61 ||   115
       Searing Ray       |     5 |    16 ||    21
Evoke: Wand              |       |     6 ||     6
  Use: Scroll            |     1 |     3 ||     4
       Potion            |       |     1 ||     1
  Eat: Chunk             |     2 |     6 ||     8
       Fruit             |       |     1 ||     1
Armor: Robe              |       |     8 ||     8
Dodge: Dodged            |     1 |    32 ||    33
